AoeStats
← dark_29

Arabia

510337639Analyzed
1v1 RM · 2d ago on Sep 30, 2026· 36m 17s· 2 players
Game mode
Random Map
Map size
Tiny (2 player)
Population
200
Speed
Normal
Resources
Standard
Victory
Conquest
Starting age
Dark Age
Ending age
Imperial Age
RankedLock teamsTeams togetherTeam positionsShared explorationLock speedFull tech treeHidden civsTurbo modeCheats
Victory
Defeat
🇫🇷 Persians · France
814
+16
🇭🇰 Cumans · Hong Kong SAR China
804
-30
Klockover
7:37 Loom
10:08 Feudal Age
22:12 Bloodlines
23:49 Double-Bit Axe
23:46 Horse Collar
27:14 Castle Age
27:02 Scale Barding Armor
27:47 Forging
29:55 Wheelbarrow
31:25 Gold Mining
36:51 Imperial Age
34:55 Pikeman
35:40 Squires
36:18 Iron Casting
35:44 Scale Mail Armor
36:05 Chain Barding Armor
dark_29
0:26 Loom
10:12 Feudal Age
11:32 Horse Collar
11:40 Double-Bit Axe
19:29 Castle Age
20:53 Heavy Plow
21:44 Squires
21:12 Pikeman
21:58 Husbandry
23:08 Bow Saw
22:54 Gold Mining
24:38 Wheelbarrow
25:43 Bloodlines
30:09 Imperial Age
27:32 Town Watch
30:39 Scale Barding Armor
30:45 Forging
30:37 Murder Holes
31:44 Chemistry
30:32 Cavalier
32:29 Fletching
32:40 Padded Archer Armor
33:04 Ballistics
33:42 Gold Shaft Mining
34:58 Chain Barding Armor
36:51 Iron Casting
Connection lost

Rejoining the realm…

Still unreachable

The connection could not be restored.

Session expired

The server has moved on; the page needs a fresh start.